 Dungeon Crawl Stone Soup version 5.7-8-g3a8b389 (webtiles) character file.

143 Psymania the Poker (level 6, -1/50 HPs)
             Began as a Gnoll Wanderer on Jan 25, 2020.
             Slain by an orc warrior
             ... wielding a +0 hand axe
              (3 damage)
             ... on level 4 of the Dungeon.
             The game lasted 00:20:49 (3904 turns).

Psymania the Poker (Gnoll Wanderer)                 Turns: 3904, Time: 00:20:50

Health: -1/50      AC:  5 (0%)Str: 12   XL:     6   Next: 76%
Magic:  10/10      EV: 15    Int: 15    God:
Gold:   270        SH:  9    Dex: 17    Spells: 11/11 levels left

rFire    + . .     SeeInvis .   a - +0 hand axe
rCold    . . .     Faith    .   d - +0 shield
rNeg     . . .     Spirit   .   m - +2 robe {rF+}
rPois    .         Reflect  .   g - +0 helmet
rElec    .                      (no cloak)
rCorr    .                      (no gloves)
MR       +....                  (no boots)
Stlth    +++.......             (no amulet)
Regen    0.2/turn               f - +5 ring of dexterity
MPRegen  0.2/turn               l - ring of protection from magic

@: no status effects
A: no striking features
a: no special abilities


You were on level 4 of the Dungeon.
You were not hungry.

You visited 1 branch of the dungeon, and saw 4 of its levels.

You collected 270 gold pieces.

Inventory:

Hand Weapons
 a - a +0 hand axe (weapon)
 s - a +3 dagger
Missiles
 A - 205 javelins (quivered)
 C - 76 tomahawks
Armour
 d - a +0 shield (worn)
 g - a +0 helmet (worn)
 h - a +0 ring mail
 i - a +0 leather armour
 m - a +2 robe of fire resistance (worn)
Jewellery
 f - a +5 ring of dexterity (left hand)
 l - a ring of protection from magic (right hand)
Scrolls
 c - 2 scrolls of blinking
Potions
 e - 2 potions of cancellation


   Skills:
 + Level 5.0 Fighting
 + Level 3.5 Blades
 + Level 3.5(6.1) Axes
 + Level 3.5 Maces & Staves
 + Level 7.9 Polearms
 + Level 3.5 Bows & Xbows
 + Level 5.0 Throwing
 + Level 3.5 Armour
 + Level 6.5 Dodging
 + Level 4.8 Stealth
 + Level 5.0 Shields
 + Level 5.0 Unarmed Combat
 + Level 3.5 Hexes
 + Level 3.5 Charms
 + Level 3.5 Summonings
 + Level 3.5 Necromancy
 + Level 3.5 Translocations
 + Level 3.5 Transmutations
 + Level 3.5 Fire Magic
 + Level 3.5 Ice Magic
 + Level 3.5 Air Magic
 + Level 3.5 Earth Magic
 + Level 3.5 Invocations
 + Level 3.5 Evocations


You had 11 spell levels left.
You didn't know any spells.
Your spell library was empty.

Dungeon Overview and Level Annotations

Branches:
Dungeon (4/15)

Altars:
Cheibriados
Dithmenos
Gozag
Jiyva
Trog


Message History

The iguana hisses menacingly.
Found 50 javelins.
The jackal barks!
You hear a shout!
You see here a scroll of magic mapping.
The iguana misses you.
You barely miss the iguana.
You hit the orc warrior but do no damage.
The orc warrior hits you with a +0 hand axe (13)!
* * * LOW HITPOINT WARNING * * *
The iguana closely misses you.
Okay, then.
You barely miss the orc warrior.
The orc warrior is moderately wounded.
You hit the iguana but do no damage. You block the orc warrior's attack.
The iguana closely misses you.
You completely miss the orc warrior.
The orc warrior is moderately wounded.
You hit the iguana (4).
The orc warrior hits you with a +0 hand axe (3).
You die...

#§§W§§# #...............
#..§##### #...# #.....#.##
#.....# #...# #..$......
..###.
#####...###......... # #
#..?o..[.........h..
#o#####.###.#....... #.#
#.###h........
######o#####.....#....###
.....(.ho@l....##.........
#######.######.##.........
# #.# .##......... . #.#
.#####...### # #.# .#
#...# #.# .. ...... #.# ##
####.## #. #.# #.


You could see an orc warrior, an iguana, an orc wizard and a jackal.

Vanquished Creatures
  An ogre (D:4)
  An orc priest (D:4)
  Jessica (D:3)
  4 worker ants
  Samantha (D:3)
  4 adders
  An ooze (D:3)
  4 dart slugs
  2 orcs (D:3)
  4 quokkas (D:1)
  6 bats
  A giant cockroach (D:3)
  14 goblins
  13 hobgoblins
  8 jackals
  6 kobolds
  7 frilled lizards
  8 rats
86 creatures vanquished.

Notes
Turn   | Place    | Note
-------+----------+-------------------------------------------
     0 | D:1      | Psymania the Gnoll Wanderer began the quest for the Orb.
     0 | D:1      | Psymania set off with: a +0 shield, 2 scrolls of teleportation, a +0 robe, a +0 dagger
     0 | D:1      | Reached XP level 1. HP: 17/17 MP: 2/2
   133 | D:1      | Reached XP level 2. HP: 17/23 MP: 4/4
   714 | D:1      | Reached XP level 3. HP: 14/29 MP: 5/5
  1497 | D:2      | Found a viscous altar of Jiyva.
  1649 | D:2      | Found an opulent altar of Gozag.
  1795 | D:2      | Reached XP level 4. HP: 35/37 MP: 7/7
  1826 | D:2      | Found a shadowy altar of Dithmenos.
  2011 | D:2      | Found a bloodstained altar of Trog.
  2391 | D:3      | Noticed Jessica
  2395 | D:3      | Killed Jessica
  2398 | D:3      | Reached XP level 5. HP: 43/43 MP: 8/8
  2789 | D:3      | Noticed Samantha
  2826 | D:3      | Killed Samantha
  2954 | D:3      | Found a faded altar of an unknown god.
  3180 | D:3      | Reached XP level 6. HP: 50/50 MP: 10/10
  3304 | D:4      | Noticed a phantom
  3820 | D:4      | Noticed an orc warrior
  3869 | D:4      | Found a snail-covered altar of Cheibriados.
  3902 | D:4      | HP: 1/50 [orc warrior/+0 hand axe (13)]
  3904 | D:4      | Slain by an orc warrior

Action                   |  1- 3 |  4- 6 || total
-------------------------+-------+-------++-------
Melee: Dagger            |    73 |     7 ||    80
       Hand axe          |    23 |   195 ||   218
       Whip              |    13 |       ||    13
Throw: Curare dart       |     3 |    11 ||    14
       Tomahawk          |     2 |       ||     2
       Javelin           |       |     1 ||     1
  Use: Scroll            |       |     5 ||     5
 Stab: Sleeping          |     7 |     8 ||    15
Armor: Robe              |     2 |    17 ||    19
       Ring mail         |    16 |     6 ||    22
Dodge: Dodged            |    37 |    93 ||   130
Block: Shield            |    48 |    92 ||   140
